General information
- name: BNet
- type: Ladder team game (AT/RT)
- host: Battle.net
- saver: DanielCormier
map: Feralas_LV
- players: 8
- length: 16:33
- speed: Fast
- version: 1.30 W3XP
- replay type: Public
» download(202 KB)
Players
team 1 (winner)

»
DASKA (
red | 86 APM | 1427 actions | 16:32)
5 Keeper of the Grove
2 Force of Nature
3 Entangling Roots
3 Goblin Alchemist
2 Healing Spray
1 Chemical Rage
1 Pit Lord
1 Howl of Terror
» actions
| Assign group hotkey | 40 | |
| Build / train | 82 | |
| Enter build submenu | 22 | |
| Enter hero's abilities submenu | 9 | |
| Give item / drop item | 5 | |
| Right click | 581 | |
| Select / deselect | 232 | |
| Select group hotkey | 346 | |
| Use ability | 110 | |
1427 total
» units
| Wisp | 36 | |
| Archer | 2 | |
| Huntress | 3 | |
| Chimaera | 3 | |
44 total
» upgrades
| Strength of the Wild | 2 | |
| Reinforced Hides | 1 | |
| Corrosive Breath | 1 | |
4 total
» buildings
| Altar of Elders | 1 | |
| Ancient of War | 2 | |
| Moon Well | 7 | |
| Hunter's Hall | 1 | |
| Tree of Life | 2 | |
| Ancient Protector | 3 | |
| Ancient of Wonders | 1 | |
| Tree of Ages | 1 | |
| Tree of Eternity | 2 | |
| Ancient of Wind | 1 | |
| Chimaera Roost | 4 | |
25 total
» build order
00:12 Altar of Elders
00:20 Ancient of War
00:28 Moon Well
01:43 Moon Well
02:43 Ancient of War
02:46 Hunter's Hall
02:49 Moon Well
04:03 Tree of Life
04:11 Ancient Protector
04:27 Ancient Protector
04:55 Ancient Protector
05:36 Ancient of Wonders
05:55 Tree of Ages
07:15 Moon Well
08:27 Tree of Eternity
08:27 Tree of Eternity
08:29 Ancient of Wind
10:50 Chimaera Roost
10:52 Chimaera Roost
10:53 Chimaera Roost
11:24 Chimaera Roost
11:27 Moon Well
13:55 Moon Well
13:59 Moon Well
14:39 Tree of Life
» items
| Boots of Speed | 1 | |
| Scroll of Town Portal | 2 | |
| Scroll of Healing | 2 | |
| Staff of Teleportation | 1 | |
| Lesser Clarity Potion | 2 | |
| Potion of Mana | 3 | |
| Anti-magic Potion | 2 | |
| Potion of Healing | 1 | |
14 total
DanielCormier (
orange | 162 APM | 2679 actions | 16:33)
6 Far Seer
3 Feral Spirit
2 Chain Lighting
1 Earth Quake
3 Shadow Hunter
2 Hex
1 Healing Wave
» actions
| Assign group hotkey | 25 | |
| Basic commands | 182 | |
| Build / train | 65 | |
| ESC pressed | 3 | |
| Enter build submenu | 13 | |
| Enter hero's abilities submenu | 9 | |
| Right click | 1253 | |
| Select / deselect | 579 | |
| Select group hotkey | 476 | |
| Use ability | 74 | |
2679 total
» units
| Peon | 18 | |
| Troll Headhunter/Berserker | 13 | |
31 total
» upgrades
| Ranged Weapons | 3 | |
| Troll Regeneration | 1 | |
| Berserker Upgrade | 1 | |
| Armor | 2 | |
7 total
» buildings
| Altar of Storms | 1 | |
| War Mill | 1 | |
| Barracks | 1 | |
| Orc Burrow | 3 | |
| Voodoo Lounge | 1 | |
| Stronghold | 1 | |
| Great Hall | 2 | |
| Fortress | 1 | |
| Watch Tower | 2 | |
13 total
» build order
00:02 Altar of Storms
00:05 War Mill
00:26 Barracks
01:13 Orc Burrow
01:59 Voodoo Lounge
02:21 Orc Burrow
03:42 Stronghold
04:30 Great Hall
04:38 Orc Burrow
06:06 Great Hall
06:43 Fortress
10:31 Watch Tower
10:36 Watch Tower
» items
| Healing Salve | 2 | |
| Potion of Mana | 3 | |
| Scroll of Town Portal | 2 | |
| Orb of Lightning | 2 | |
| Potion of Healing | 1 | |
| Lesser Clarity Potion | 2 | |
| Tiny Great Hall | 1 | |
| Scroll of Healing | 1 | |
14 total
myrojpaj (
teal | 67 APM | 1109 actions | 16:32)
4 Far Seer
2 Feral Spirit
2 Chain Lighting
2 Shadow Hunter
1 Healing Wave
1 Hex
» actions
| Assign group hotkey | 28 | |
| Basic commands | 146 | |
| Build / train | 84 | |
| Enter build submenu | 23 | |
| Enter hero's abilities submenu | 6 | |
| Give item / drop item | 3 | |
| Remove unit from queue | 2 | |
| Right click | 259 | |
| Select / deselect | 304 | |
| Select group hotkey | 197 | |
| Use ability | 56 | |
1109 total
» units
| Peon | 19 | |
| Grunt | 4 | |
| Raider | 2 | |
| Kodo Beast | 1 | |
| Troll Batrider | 2 | |
| Demolisher | 2 | |
| Tauren | 1 | |
| Shaman | 1 | |
| Troll Witch Doctor | 1 | |
| Spirit Walker | 1 | |
34 total
» upgrades
| Armor | 2 | |
| Berserker Strength | 1 | |
| Reinforced Defenses | 1 | |
| Melee Weapons | 2 | |
| Ensnare | 1 | |
| Liquid Fire | 1 | |
| Shaman Training | 2 | |
| Witch Doctor Training | 2 | |
| War Drums Damage Increase | 1 | |
| Spirit Walker Training | 2 | |
| Burning Oil | 1 | |
| Pillage | 1 | |
17 total
» buildings
| Orc Burrow | 6 | |
| Altar of Storms | 1 | |
| War Mill | 1 | |
| Barracks | 1 | |
| Stronghold | 1 | |
| Watch Tower | 5 | |
| Voodoo Lounge | 1 | |
| Great Hall | 1 | |
| Beastiary | 1 | |
| Fortress | 1 | |
| Spirit Lodge | 2 | |
| Tauren Totem | 2 | |
23 total
» build order
00:07 Orc Burrow
00:29 Altar of Storms
00:45 Orc Burrow
01:20 War Mill
01:45 Barracks
02:46 Stronghold
02:50 Watch Tower
03:54 Watch Tower
04:14 Orc Burrow
04:46 Voodoo Lounge
05:25 Great Hall
05:30 Watch Tower
06:49 Beastiary
07:57 Watch Tower
08:03 Fortress
08:57 Watch Tower
09:47 Orc Burrow
09:55 Spirit Lodge
11:22 Tauren Totem
12:59 Orc Burrow
13:49 Orc Burrow
15:58 Tauren Totem
16:01 Spirit Lodge
» items
| Healing Salve | 4 | |
| Scroll of Town Portal | 2 | |
| Lesser Clarity Potion | 2 | |
| Scroll of Speed | 1 | |
| Orb of Lightning | 2 | |
11 total

»
worthlessNoob (
pink | 91 APM | 1500 actions | 16:32)
4 Blademaster
2 Wind Walk
2 Critical Strike
1 Tauren Chieftain
1 Endurance Aura
» actions
| Assign group hotkey | 18 | |
| Basic commands | 122 | |
| Build / train | 54 | |
| Enter build submenu | 15 | |
| Enter hero's abilities submenu | 5 | |
| Give item / drop item | 2 | |
| Right click | 754 | |
| Select / deselect | 270 | |
| Select group hotkey | 198 | |
| Use ability | 62 | |
1500 total
» units
| Peon | 13 | |
| Troll Batrider | 9 | |
| Raider | 3 | |
25 total
» upgrades
| Ranged Weapons | 3 | |
| Melee Weapons | 1 | |
| Liquid Fire | 1 | |
| Pillage | 1 | |
| Ensnare | 1 | |
7 total
» buildings
| Altar of Storms | 1 | |
| Orc Burrow | 5 | |
| War Mill | 1 | |
| Voodoo Lounge | 2 | |
| Stronghold | 2 | |
| Fortress | 2 | |
| Beastiary | 3 | |
| Great Hall | 2 | |
18 total
» build order
00:08 Altar of Storms
00:18 Orc Burrow
00:53 War Mill
01:07 Voodoo Lounge
02:23 Stronghold
02:23 Stronghold
02:42 Orc Burrow
03:20 Orc Burrow
03:56 Orc Burrow
04:52 Fortress
04:52 Fortress
04:54 Beastiary
04:56 Beastiary
04:59 Beastiary
10:12 Voodoo Lounge
11:18 Orc Burrow
11:47 Great Hall
11:50 Great Hall
» items
| Healing Salve | 3 | |
| Scroll of Speed | 3 | |
| Potion of Lesser Invulnerability | 1 | |
| Scroll of Town Portal | 1 | |
8 total
team 2 (loser)
RuthafordSpanks (
yellow | 92 APM | 1317 actions | 14:15)
3 Blademaster
1 Wind Walk
2 Critical Strike
1 Shadow Hunter
1 Hex
» actions
| Assign group hotkey | 6 | |
| Basic commands | 3 | |
| Build / train | 36 | |
| ESC pressed | 1 | |
| Enter build submenu | 23 | |
| Enter hero's abilities submenu | 4 | |
| Give item / drop item | 1 | |
| Right click | 532 | |
| Select / deselect | 215 | |
| Select group hotkey | 439 | |
| Use ability | 57 | |
1317 total
» units
» upgrades
| Shaman Training | 1 | |
| Reinforced Defenses | 1 | |
| Pulverize | 1 | |
3 total
» buildings
| Altar of Storms | 1 | |
| Orc Burrow | 8 | |
| Barracks | 1 | |
| Voodoo Lounge | 1 | |
| Stronghold | 1 | |
| War Mill | 1 | |
| Fortress | 1 | |
| Spirit Lodge | 1 | |
| Watch Tower | 5 | |
| Tauren Totem | 4 | |
24 total
» build order
00:07 Altar of Storms
00:18 Orc Burrow
00:49 Barracks
01:29 Orc Burrow
01:59 Voodoo Lounge
03:28 Stronghold
04:25 War Mill
04:43 Orc Burrow
05:33 Orc Burrow
05:48 Orc Burrow
05:52 Orc Burrow
06:02 Fortress
06:06 Spirit Lodge
06:23 Watch Tower
06:46 Watch Tower
08:27 Tauren Totem
08:28 Tauren Totem
08:37 Watch Tower
08:40 Watch Tower
09:50 Watch Tower
10:10 Orc Burrow
12:10 Orc Burrow
13:13 Tauren Totem
13:18 Tauren Totem
» items
| Healing Salve | 2 | |
| Lesser Clarity Potion | 2 | |
| Orb of Lightning | 1 | |
5 total

»
Legionnaire (
green | 69 APM | 1137 actions | 16:32)
4 Death Knight
1 Death Coil
2 Unholy Aura
1 Death Pact
1 Lich
1 Frost Nova
» actions
| Assign group hotkey | 22 | |
| Basic commands | 101 | |
| Build / train | 46 | |
| ESC pressed | 1 | |
| Enter build submenu | 26 | |
| Enter hero's abilities submenu | 5 | |
| Give item / drop item | 2 | |
| Right click | 461 | |
| Select / deselect | 183 | |
| Select group hotkey | 190 | |
| Use ability | 100 | |
1137 total
» units
| Acolyte | 7 | |
| Ghoul | 3 | |
| Crypt Fiend | 10 | |
20 total
» upgrades
| Creature Attack | 2 | |
| Creature Carapace | 1 | |
| Web | 1 | |
| Burrow | 1 | |
5 total
» buildings
| Graveyard | 2 | |
| Crypt | 3 | |
| Altar of Darkness | 1 | |
| Ziggurat | 9 | |
| Tomb of Relics | 1 | |
| Halls of the Dead | 1 | |
| Spirit Tower | 4 | |
| Sacrificial Pit | 1 | |
| Black Citadel | 1 | |
| Boneyard | 5 | |
28 total
» build order
00:13 Graveyard
00:14 Graveyard
00:16 Crypt
00:30 Altar of Darkness
00:49 Ziggurat
01:38 Tomb of Relics
01:41 Ziggurat
02:40 Crypt
02:41 Crypt
04:36 Halls of the Dead
04:48 Ziggurat
05:50 Spirit Tower
07:49 Sacrificial Pit
08:29 Ziggurat
08:30 Ziggurat
09:35 Spirit Tower
10:02 Spirit Tower
10:23 Ziggurat
11:17 Spirit Tower
11:19 Black Citadel
13:56 Boneyard
13:59 Boneyard
14:00 Boneyard
14:05 Boneyard
14:06 Boneyard
14:43 Ziggurat
14:44 Ziggurat
14:45 Ziggurat
» items
| Rod of Necromancy | 2 | |
| Dust of Appearance | 1 | |
| Boots of Speed | 1 | |
| Potion of Healing | 1 | |
| Scroll of Town Portal | 1 | |
| Orb of Lightning | 1 | |
| Lesser Clarity Potion | 1 | |
8 total

»
bmxdude (
purple | 45 APM | 663 actions | 14:42)
4 Dreadlord
2 Sleep
2 Vampiric Aura
2 Lich
1 Frost Nova
1 Frost Armor
» actions
| Assign group hotkey | 16 | |
| Basic commands | 23 | |
| Build / train | 48 | |
| Enter build submenu | 21 | |
| Enter hero's abilities submenu | 6 | |
| Give item / drop item | 6 | |
| Remove unit from queue | 4 | |
| Right click | 184 | |
| Select / deselect | 175 | |
| Select group hotkey | 133 | |
| Use ability | 47 | |
663 total
» units
| Acolyte | 8 | |
| Ghoul | 3 | |
| Crypt Fiend | 5 | |
| Gargoyle | 8 | |
24 total
» upgrades
| Web | 1 | |
| Creature Attack | 2 | |
| Creature Carapace | 1 | |
4 total
» buildings
| Graveyard | 1 | |
| Crypt | 2 | |
| Altar of Darkness | 1 | |
| Ziggurat | 12 | |
| Tomb of Relics | 1 | |
| Nerubian Tower | 1 | |
| Halls of the Dead | 1 | |
| Necropolis | 1 | |
| Spirit Tower | 4 | |
| Slaughterhouse | 1 | |
25 total
» build order
00:15 Graveyard
00:21 Crypt
00:31 Altar of Darkness
00:49 Ziggurat
01:21 Tomb of Relics
02:17 Ziggurat
02:33 Nerubian Tower
04:14 Ziggurat
04:57 Halls of the Dead
06:11 Necropolis
06:44 Spirit Tower
06:47 Ziggurat
06:50 Ziggurat
07:30 Crypt
07:33 Slaughterhouse
09:31 Ziggurat
09:33 Ziggurat
09:36 Ziggurat
09:46 Spirit Tower
11:21 Spirit Tower
11:27 Ziggurat
12:05 Ziggurat
12:07 Ziggurat
13:26 Spirit Tower
13:31 Ziggurat
» items
| Rod of Necromancy | 1 | |
| Scroll of Town Portal | 1 | |
2 total
Lifftd (
blue | 58 APM | 827 actions | 14:19)
3 Keeper of the Grove
2 Entangling Roots
1 Thorns Aura
» actions
| Assign group hotkey | 15 | |
| Basic commands | 7 | |
| Build / train | 33 | |
| Enter build submenu | 18 | |
| Enter hero's abilities submenu | 4 | |
| Give item / drop item | 1 | |
| Remove unit from queue | 4 | |
| Right click | 326 | |
| Select / deselect | 172 | |
| Select group hotkey | 200 | |
| Use ability | 47 | |
827 total
» units
| Wisp | 13 | |
| Archer | 3 | |
| Huntress | 2 | |
| Druid of the Talon | 2 | |
| Faerie Dragon | 1 | |
21 total
» buildings
| Moon Well | 4 | |
| Altar of Elders | 1 | |
| Ancient of War | 1 | |
| Hunter's Hall | 1 | |
| Ancient of Wonders | 2 | |
| Tree of Ages | 1 | |
| Ancient Protector | 3 | |
| Tree of Eternity | 1 | |
| Ancient of Wind | 1 | |
| Chimaera Roost | 2 | |
| Tree of Life | 1 | |
18 total
» build order
00:21 Moon Well
00:35 Altar of Elders
01:08 Ancient of War
01:36 Moon Well
02:13 Hunter's Hall
03:00 Ancient of Wonders
03:07 Ancient of Wonders
03:47 Tree of Ages
04:04 Ancient Protector
04:26 Moon Well
05:36 Moon Well
05:45 Ancient Protector
05:50 Ancient Protector
06:10 Tree of Eternity
06:17 Ancient of Wind
08:33 Chimaera Roost
08:39 Chimaera Roost
12:02 Tree of Life
» items
| Dust of Appearance | 1 | |
| Potion of Healing | 1 | |
2 total
Chat log
(00:48 / Allies) worthlessNoob: who here ag?
(01:25 / Allies) worthlessNoob: good that smart
(01:29 / Allies) worthlessNoob: i tk anyone from ag
(05:19 / Allies) DASKA: towers for expand
(08:12 / Allies) DASKA: nice item
(09:53 / Allies) DASKA: wood?
(11:29 / Allies) DASKA: wood?